 Dungeon Crawl Stone Soup version 0.30-a0-626-gd6a5dd7a1f (webtiles) character file.

Game seed: 10519890635304889171

1201 Leeroy the Carver (level 8, -2/46 (50) HPs)
             Began as a Merfolk Gladiator on Jan 11, 2023.
             Was a Believer of Hepliaklqana.
             Slain by a wight
             ... wielding a +0 battleaxe
              (15 damage)
             ... on level 7 of the Dungeon.
             The game lasted 00:09:10 (6697 turns).

Leeroy the Carver (Merfolk Gladiator)               Turns: 6697, Time: 00:09:11

HP:   -2/46 (50)    AC:  4    Str: 14    XL:     8   Next: 44%
MP:   8/8           EV: 15    Int:  7    God:    Hepliaklqana [**....]
Gold: 261           SH:  0    Dex: 23    Spells: 7/7 levels left

rFire   . . .      SeeInvis .    a - +1 long sword
rCold   . . .      Faith    .    (no shield)
rNeg    . . .      Spirit   .    J - +1 robe of Marbles {Dex+5}
rPois   .          Reflect  .    c - +0 helmet
rElec   .          Harm     .    (no cloak)
rCorr   .          Rampage  .    (no gloves)
Will    .....                    (no boots)
Stlth   ++                       (no amulet)
HPRegen 0.27/turn                (no ring)
MPRegen 0.11/turn                (no ring)

@: studying Armour, drained
A: reduced essence, (nimble swimmer 2), mertail
a: Renounce Religion, Recall Ancestor, Ancestor Identity


You were on level 7 of the Dungeon.
You worshipped Hepliaklqana.
Hepliaklqana was pleased with you.
You visited 2 branches of the dungeon, and saw 8 of its levels.
You also visited: Sewer.

You collected 1141 gold pieces.
You spent 880 gold pieces at shops.

Inventory:

Hand Weapons
 a - a +1 long sword (weapon)
 i - a +0 rapier
 u - a +0 short sword of venom
 v - a +3 mace
 w - a +1 dagger of protection
 D - a +2 short sword of venom
 E - a +2 falchion
Missiles
 d - 3 throwing nets (quivered)
 e - a javelin
 p - a curare-tipped dart
 t - 20 poisoned darts
Armour
 b - a +0 leather armour
 c - a +0 helmet (worn)
 J - the +1 robe of Marbles (worn) {Dex+5}
   (You found it on level 6 of the Dungeon)

   Dex:       It affects your dexterity (+5).
 K - an orb of mayhem
Jewellery
 o - a +4 ring of protection
 q - a +5 ring of evasion
Scrolls
 h - a scroll of fear
 j - 2 scrolls of teleportation
 n - a scroll of enchant armour
 x - a scroll of vulnerability {unknown}
 y - a scroll of amnesia {unknown}
 A - 2 scrolls of summoning {unknown}
 B - a scroll of torment {unknown}
 F - 3 scrolls of magic mapping {unknown}
 H - a scroll of blinking {unknown}
 I - a scroll of enchant weapon
Potions
 f - 5 potions of heal wounds {unknown}
 g - 2 potions of lignification {unknown}
 k - 4 potions of flight
 l - a potion of curing
 m - a potion of brilliance {unknown}
 r - 2 potions of mutation {unknown}
 s - 3 potions of resistance
 z - a potion of experience {unknown}
 C - 2 potions of ambrosia {unknown}
 G - a potion of cancellation {unknown}


   Skills:
 - Level 2.1 Fighting
 - Level 10.3 Long Blades
 - Level 2.0 Throwing
 + Level 5.9 Armour
 - Level 4.0 Dodging


You had 7 spell levels left.
You didn't know any spells.
Your spell library contained the following spells:

 Spells                   Type           Power      Damage    Failure   Level
 Beastly Appendage        Tmut           0%         N/A       43%         1
 Freeze                   Ice            0%         1d3       43%         1
 Sandblast                Erth           0%         2d4       43%         1
 Passwall                 Tmut/Erth      0%         N/A       56%         2
 Wereblood                Tmut           0%         N/A       56%         2
 Frozen Ramparts          Ice            0%         1d1       80%         3
 Hailstorm                Conj/Ice       0%         3d3       80%         3
 Spider Form              Tmut/Pois      0%         N/A       80%         3
 Stone Arrow              Conj/Erth      0%         3d7       80%         3


Dungeon Overview and Level Annotations

Branches:
Dungeon (7/15)             Temple (1/1) D:4           Sewer (visited)

Altars:
Dithmenos
Elyvilon
Fedhas
Gozag
Hepliaklqana
Kikubaaqudgha
Makhleb
Nemelex Xobeh
Okawaru
Ru
Trog
Uskayaw
Vehumet
Wu Jian
Yredelemnul
The Shining One

Shops:
D:6 :

Annotations:
D:6 2 transporters


Innate Abilities, Weirdness & Mutations

Your life essence is reduced to manifest your ancestor. (-10% HP)
((You are very nimble when in or above water. (Stealth+, EV+, Speed+++)))
Your lower body shifts to a powerful aquatic tail in water.


Message History

Your life force feels restored.
Things that are here:
a +2 falchion; a +0 robe
E - a +2 falchion HP restored.
A white imp comes into view.
A white imp is nearby!
A white imp is nearby! 2 wights come into view.
The helpless white imp fails to defend itself.
You hit the white imp.
The white imp is heavily wounded.
The white imp hits you but does no damage.
You slash the white imp!
You kill the white imp!
You hit the wight but do no damage. The wight closely misses you.
The wight hits you with a +6 flail!
You feel drained.
You barely miss the wight. The wight attacks as you move away!
The wight hits you with a +6 flail!
You feel drained.
* * * LOW HITPOINT WARNING * * *
Belessunu gestures at the wight while chanting.
The puff of frost hits the wight.
The wight resists.
Belessunu barely misses the wight.
The wight attacks as you move away! The wight hits you with a +0 battleaxe.
* * * LOW HITPOINT WARNING * * *
You feel drained.
* * * LOW HITPOINT WARNING * * *
The wight hits Belessunu with a +0 battleaxe!
Belessunu hits the wight with a +0 quarterstaff.
You see here a +0 robe.
Okay, then.
You feel better. The wight hits you with a +0 battleaxe.
* * * LOW HITPOINT WARNING * * *
Belessunu hits the wight with a +0 quarterstaff!
The wight is destroyed!
The wight attacks as you move away! The wight hits you with a +0 battleaxe.
* * * LOW HITPOINT WARNING * * *
You feel better. The wight hits you with a +0 battleaxe!
You die...

###########
#...R.z@..#
#.#######.#
#.......#
#.#
#.......#
#.#
#.......#
#.#
#########
#.# #.# #.#
#.#


You could see the friendly Belessunu the battlemage and a wight (ally target).

Vanquished Creatures
  Prince Ribbit (D:5)
  2 kobold brigands (Sewer)
  A wight (D:7)
  A hound (D:6)
  2 jellies
  A gnoll bouda (D:4)
  An orc priest (D:5)
  Jessica (D:3)
  An iguana (D:5)
  2 orc wizards
  6 gnolls
  5 adders
  A white imp (D:7)
  An ufetubus (D:6)
  4 worms
  2 dart slugs
  15 orcs
  7 ball pythons
  7 endoplasms
  7 giant cockroaches
  7 goblins
  7 hobgoblins
  5 jackals
  11 kobolds
  4 quokkas
  4 bats
  2 frilled lizards (D:3)
  7 rats
115 creatures vanquished.

Vanquished Creatures (collateral kills)
  An ogre (D:5)
  Blork the orc (D:5)
  A wight (D:7)
  3 hounds
  3 gnolls
  A white imp (D:5)
10 creatures vanquished.

Grand Total: 125 creatures vanquished

Notes
Turn   | Place    | Note
-------+----------+-------------------------------------------
     0 | D:1      | Leeroy the Merfolk Gladiator began the quest for the Orb.
     0 | D:1      | Reached XP level 1. HP: 16/16 MP: 1/1
    43 | D:1      | Reached skill level 4 in Long Blades
    66 | D:1      | Reached XP level 2. HP: 22/22 MP: 2/2
   466 | D:1      | Reached XP level 3. HP: 27/27 MP: 3/3
   503 | D:1      | Reached skill level 5 in Long Blades
  1288 | D:2      | Reached XP level 4. HP: 24/33 MP: 4/4
  1495 | D:2      | Reached skill level 6 in Long Blades
  2166 | D:3      | Noticed Jessica
  2221 | D:3      | Killed Jessica
  2222 | D:3      | Reached XP level 5. HP: 32/38 MP: 5/5
  2295 | D:3      | Identified a scroll of acquirement
  2295 | D:3      | Acquired 690 gold pieces
  2364 | D:3      | Found a glowing drain.
  2373 | Sewer    | Entered a sewer
  2427 | Sewer    | Noticed a kobold brigand
  2428 | Sewer    | Noticed a kobold brigand
  2447 | Sewer    | Killed a kobold brigand
  2448 | Sewer    | Reached skill level 7 in Long Blades
  2456 | Sewer    | Killed a kobold brigand
  2457 | Sewer    | Reached skill level 8 in Long Blades
  2457 | Sewer    | Reached XP level 6. HP: 23/44 MP: 6/6
  2548 | Sewer    | Found a glowing silver altar of Zin.
  3119 | D:4      | Found a staircase to the Ecumenical Temple.
  3132 | Temple   | Entered the Ecumenical Temple
  3201 | Temple   | Became a worshipper of Hepliaklqana the Forgotten
  4135 | D:4      | Reached * piety under Hepliaklqana
  4651 | D:4      | Reached skill level 9 in Long Blades
  5004 | D:5      | Entered Level 5 of the Dungeon
  5020 | D:5      | Reached XP level 7. HP: 44/45 MP: 7/7
  5071 | D:5      | Noticed Prince Ribbit
  5096 | D:5      | Killed Prince Ribbit
  5097 | D:5      | Reached skill level 10 in Long Blades
  5159 | D:5      | You fall into a shaft and drop 1 floor!
  5248 | D:6      | Found a transporter.
  5345 | D:6      | Found a transporter.
  5347 | D:6      | Identified the +1 robe of Marbles {Dex+5}
  5427 | D:6      | Found Ucaor's Book Boutique.
  5435 | D:6      | Bought a manual of Armour for 880 gold pieces
  5538 | D:6      | Reached skill level 1 in Armour
  5979 | D:5      | Reached ** piety under Hepliaklqana
  5980 | D:5      | Remembered your ancestor Belessunu as a battlemage
  6063 | D:5      | Reached XP level 8. HP: 50/50 MP: 8/8
  6240 | D:5      | Noticed Blork the orc
  6247 | D:5      | Killed Blork the orc
  6253 | D:5      | Reached skill level 5 in Armour
  6697 | D:7      | Slain by a wight

Illustrated notes

Levels and vault maps discovered:
D:1:      ncdulo_wetmaze, layout_basic, serial_curves, eino_curves_03,
          eino_curves_02
D:2:      layout_basic
D:3:      layout_loops_ring, portal_sewer_entry_f, kennysheep_generic_room_5,
          uniq_jessica
D:4:      layout_loops_corners, minmay_temple_entry_ruins
D:5:      layout_cave_pools, hangedman_minor_gate_pass, uniq_blork_the_orc,
          uniq_prince_ribbit1
D:6:      gammafunk_cloud_chamber, layout_loops_ring, serial_shops,
          nicolae_diamond_shop, st_stairs_8
D:7:      layout_basic, kennysheep_mini, nicolae_overflow_squiral, serial_shops,
          nicolae_shop_statue_plus, dreamdust_gnoll_shepherd
Temple:   nicolae_temple_x_marks_the_god

Skill      XL: |  1  2  3  4  5  6  7  8 |
---------------+-------------------------+-----
Long Blades    | 4 5 6 8 9 10 | 10.3
Armour         | 3 5 |  5.9
Fighting       | |  2.1
Throwing       | |  2.0
Dodging        | |  4.0

Action                   |  1- 3 |  4- 6 |  7- 9 || total
-------------------------+-------+-------+-------++-------
Melee: Long sword        |    83 |   126 |    11 ||   220
       Punch             |     1 |       |     1 ||     2
       Tailslap          |       |     4 |       ||     4
       Short sword       |       |    31 |    89 ||   120
Invok: Recall Ancestor   |       |     1 |     3 ||     4
       Ancestor Life: Ba |       |       |     1 ||     1
  Use: Scroll            |       |     6 |     1 ||     7
       Potion            |       |       |     2 ||     2
 Stab: Sleeping          |     2 |     2 |     1 ||     5
Armor: Leather armour    |    22 |    21 |     3 ||    46
       Robe              |       |       |    10 ||    10
Dodge: Dodged            |    59 |   128 |    57 ||   244

Table legend: (Time is in decaauts)
 A = Elapsed time spent in this place.
 B = Non-inter-level travel time spent in this place.
 C = Inter-level travel time spent in this place.
 D = Time resting spent in this place.
 E = Time spent auto-exploring this place.
 F = Levels seen in this place.
 G = Mean time per level.
                   A        B        C        D        E       F      G
               +--------+--------+--------+--------+--------+-----+--------+
         Total |   6605 |   6244 |    361 |    739 |   4357 |   9 |  733.9 |
       Dungeon |   6203 |   5842 |    361 |    739 |   4135 |   7 |  886.1 |
        Temple |     79 |     79 |      0 |      0 |     46 |   1 |   79.0 |
         Sewer |    322 |    322 |      0 |      0 |    176 |   1 |  322.0 |
               +--------+--------+--------+--------+--------+-----+--------+

Top non-repeatable levels by time:
     D:3: 1512 daAuts
     D:4: 1088 daAuts
     D:1: 1006 daAuts
     D:2: 973 daAuts
     D:5: 784 daAuts
     D:6: 718 daAuts
   Sewer: 322 daAuts
     D:7: 120 daAuts
  Temple: 79 daAuts
